[Event "26th Bunratty Masters 2019"]
[Site "Bunratty"]
[Date "2019.02.22"]
[Round "1.5"]
[White "Williams, Simon K"]
[Black "Melaugh, Shane"]
[Result "1-0"]
[ECO "D00"]
[WhiteElo "2471"]
[BlackElo "2118"]
[Annotator "ChessBase"]
[PlyCount "69"]
[EventDate "2019.02.22"]
[EventType "swiss"]
[EventCountry "IRL"]
[SourceTitle "playchess.com"]
[Source "ChessBase"]
[SourceQuality "1"]
[TimeControl "40/5400+30:900+30"]

1. d4 Nf6 2. Nc3 d5 3. Bf4 c5 4. e3 a6 5. dxc5 Nc6 6. Nf3 e6 7. Na4 Ne4 8. Bd3 Nxc5 9. Nxc5 Bxc5 10. O-O Qe7 11. e4 d4 12. e5 h6 13. a3 g5 14. Bg3 b5 15. Nd2 Bb6 16. f4 Bc7 17. Qh5 Bb7 18. fxg5 O-O-O 19. gxh6 Nxe5 20. Bxe5 Qc5 21. Rae1 Rhg8 22. g3 Rd5 23. h7 Rh8 24. Qxf7 Rxe5 25. Qg8+ Bd8 26. Qxh8 Re3 27. Qxd8+ Kxd8 28. h8=Q+ Kc7 29. Rf7+ Kb6 30. Qd8+ Ka7 31. Rxb7+ Kxb7 32. Rf1 Qe5 33. Rf7+ Kc6 34. Qc8+ Kb6 35. Qb7+ 1-0

[Event "26th Bunratty Masters 2019"]
[Site "Bunratty"]
[Date "2019.02.23"]
[Round "1.6"]
[White "Voiteanu, Gabriel"]
[Black "Baburin, Alexander"]
[Result "1-0"]
[ECO "D11"]
[WhiteElo "2121"]
[BlackElo "2432"]
[Annotator "ChessBase"]
[PlyCount "96"]
[EventDate "2019.02.22"]
[EventType "swiss"]
[EventCountry "IRL"]
[SourceTitle "playchess.com"]
[Source "ChessBase"]
[SourceQuality "1"]
[TimeControl "40/5400+30:900+30"]

1. d4 d5 2. Nf3 Nf6 3. g3 c6 4. Bg2 Bf5 5. c4 e6 6. Nc3 Nbd7 7. Nh4 Bg4 8. h3 Bh5 9. g4 Bg6 10. cxd5 exd5 11. Nxg6 hxg6 12. Bf4 Nb6 13. Qd3 Bd6 14. Qe3+ Kf8 15. Qg3 Bxf4 16. Qxf4 Nc4 17. b3 Qd6 18. Qxd6+ Nxd6 19. Rc1 Re8 20. f3 Nd7 21. Kd2 f5 22. e3 Nf6 23. Rcf1 Kg8 24. Kd3 g5 25. Re1 g6 26. e4 fxe4+ 27. fxe4 dxe4+ 28. Nxe4 Nfxe4 29. Bxe4 Nxe4 30. Rxe4 Rxe4 31. Kxe4 Kf7 32. Rf1+ Ke6 33. Rf3 Re8 34. Kd3 Rh8 35. Kc4 b6 36. Re3+ Kf6 37. d5 cxd5+ 38. Kxd5 Rc8 39. Kd6 Rd8+ 40. Kc6 Rd4 41. Kb7 Rd7+ 42. Ka6 Rc7 43. b4 Rd7 44. b5 Rc7 45. a4 Kf7 46. Re5 Kf6 47. Re8 Rd7 48. Ra8 Ke7 1-0

[Event "26th Bunratty Masters 2019"]
[Site "Bunratty"]
[Date "2019.02.23"]
[Round "3.1"]
[White "Wells, Peter K"]
[Black "McShane, Luke J"]
[Result "0-1"]
[ECO "A31"]
[WhiteElo "2415"]
[BlackElo "2663"]
[Annotator "ChessBase"]
[PlyCount "69"]
[EventDate "2019.02.22"]
[EventType "swiss"]
[EventCountry "IRL"]
[SourceTitle "playchess.com"]
[Source "ChessBase"]
[SourceQuality "1"]
[TimeControl "40/5400+30:900+30"]

1. d4 Nf6 2. c4 c5 3. Nf3 cxd4 4. Nxd4 b6 5. Nc3 Bb7 6. Bg5 a6 7. Bxf6 gxf6 8. e3 e6 9. Be2 Bxg2 10. Rg1 Bc6 11. Bh5 Qe7 12. Qe2 f5 13. O-O-O Qf6 14. f4 Bb4 15. Qd3 Ra7 16. Rg5 h6 17. Rg3 Rf8 18. a3 Be7 19. Nf3 Bxf3 20. Bxf3 Rc7 21. Kb1 d6 22. Na4 Nd7 23. Qb3 b5 24. cxb5 axb5 25. Qxb5 d5 26. Rgg1 Bd6 27. Nb6 Rb7 28. Nxd7 Rxd7 29. Bxd5 exd5 30. Rxd5 Ke7 31. Rgd1 Qe6 32. Rxf5 Rb8 33. Qd3 Rb3 34. Qc2 Rdb7 35. Rxd6 0-1

[Event "26th Bunratty Masters 2019"]
[Site "Bunratty"]
[Date "2019.02.23"]
[Round "3.2"]
[White "Short, Nigel D"]
[Black "Bates, Richard A"]
[Result "1-0"]
[ECO "B90"]
[WhiteElo "2648"]
[BlackElo "2351"]
[Annotator "ChessBase"]
[PlyCount "71"]
[EventDate "2019.02.22"]
[EventType "swiss"]
[EventCountry "IRL"]
[SourceTitle "playchess.com"]
[Source "ChessBase"]
[SourceQuality "1"]
[TimeControl "40/5400+30:900+30"]

1. e4 c5 2. Nf3 d6 3. d4 cxd4 4. Nxd4 Nf6 5. Nc3 a6 6. a4 Nc6 7. Be2 e5 8. Nxc6 bxc6 9. f4 a5 10. O-O Be7 11. Kh1 O-O 12. Qe1 Rb8 13. fxe5 dxe5 14. Qg3 Rb4 15. Bh6 Ne8 16. Rad1 Qc7 17. b3 Be6 18. Bg4 Qc8 19. Bxe6 Qxe6 20. Bc1 Nf6 21. Qf3 Rd4 22. Be3 Rd7 23. Rxd7 Nxd7 24. Nb1 g6 25. g4 Bc5 26. Bh6 Rd8 27. Nd2 Nb6 28. h3 Bb4 29. Qf2 Nd7 30. Nc4 Nc5 31. Qf3 Rd4 32. Nxe5 Rxe4 33. Nxc6 Nd7 34. Nd8 Qe7 35. Nxf7 Re1 36. Ng5 1-0

[Event "26th Bunratty Masters 2019"]
[Site "Bunratty"]
[Date "2019.02.23"]
[Round "3.3"]
[White "O'Gorman, Tom"]
[Black "Turner, Matthew J"]
[Result "0-1"]
[ECO "C92"]
[WhiteElo "2248"]
[BlackElo "2519"]
[Annotator "ChessBase"]
[PlyCount "55"]
[EventDate "2019.02.22"]
[EventType "swiss"]
[EventCountry "IRL"]
[SourceTitle "playchess.com"]
[Source "ChessBase"]
[SourceQuality "1"]
[TimeControl "40/5400+30:900+30"]

1. e4 e5 2. Nf3 Nc6 3. Bb5 a6 4. Ba4 Nf6 5. O-O Be7 6. Re1 b5 7. Bb3 d6 8. c3 O-O 9. h3 Be6 10. d4 Bxb3 11. axb3 exd4 12. cxd4 Nb4 13. Nc3 c5 14. Bg5 Re8 15. e5 dxe5 16. Rxe5 cxd4 17. Qxd4 Qxd4 18. Nxd4 h6 19. Bh4 g5 20. Bg3 Bf8 21. Rae1 Rxe5 22. Bxe5 Nd7 23. Bg3 Nc5 24. Ne4 Nbd3 25. Re3 Nxe4 26. Rxd3 Nxg3 27. Rxg3 Rd8 28. Rg4 0-1

[Event "26th Bunratty Masters 2019"]
[Site "Bunratty"]
[Date "2019.02.23"]
[Round "3.5"]
[White "O'Donnell, Conor"]
[Black "Hebden, Mark L"]
[Result "0-1"]
[ECO "E81"]
[WhiteElo "2377"]
[BlackElo "2417"]
[Annotator "NA"]
[PlyCount "82"]
[EventDate "2019.02.22"]
[EventType "swiss"]
[EventCountry "IRL"]
[SourceTitle "playchess.com"]
[Source "ChessBase"]
[SourceQuality "1"]
[TimeControl "40/5400+30:900+30"]

1. d4 Nf6 2. c4 g6 3. Nc3 Bg7 4. e4 d6 5. f3 O-O 6. Be3 c5 7. Nge2 Nc6 8. d5 Ne5 9. Ng3 e6 10. Be2 exd5 11. cxd5 h5 12. O-O Nh7 13. Qd2 h4 14. Nh1 f5 15. exf5 gxf5 16. Nf2 Bd7 17. a4 Qf6 18. Nh3 Rae8 19. Nf4 Ng6 20. Nh5 Qe7 21. Bh6 Bxh6 22. Qxh6 Qe3+ 23. Qxe3 Rxe3 24. Kf2 Re7 25. Nb5 f4 26. Rfe1 Bxb5 27. axb5 Ne5 28. g4 fxg3+ 29. hxg3 Rf5 30. f4 Rxh5 31. Bxh5 Nd3+ 32. Kf1 Rxe1+ 33. Rxe1 Nxe1 34. Kxe1 hxg3 35. Kf1 Nf6 36. Bf3 Ne8 37. Be2 Nf6 38. Bf3 Kg7 39. Kg2 Kg6 40. Kxg3 Kf5 41. Bg2 Nh5+ 0-1

[Event "26th Bunratty Masters 2019"]
[Site "Bunratty"]
[Date "2019.02.23"]
[Round "3.6"]
[White "Lalic, Bogdan"]
[Black "Fitzsimons, David"]
[Result "1/2-1/2"]
[ECO "E34"]
[WhiteElo "2406"]
[BlackElo "2301"]
[Annotator "NA"]
[PlyCount "29"]
[EventDate "2019.02.22"]
[EventType "swiss"]
[EventCountry "IRL"]
[SourceTitle "playchess.com"]
[Source "ChessBase"]
[SourceQuality "1"]
[TimeControl "40/5400+30:900+30"]

1. d4 Nf6 2. c4 e6 3. Nc3 Bb4 4. Qc2 d5 5. cxd5 Qxd5 6. e3 c5 7. Bd2 Bxc3 8. Bxc3 cxd4 9. Bxd4 Nc6 10. Bxf6 gxf6 11. Ne2 Bd7 12. Nc3 Qc5 13. Be2 Rc8 14. O-O O-O 15. Rfd1 1/2-1/2

[Event "26th Bunratty Masters 2019"]
[Site "Bunratty"]
[Date "2019.02.24"]
[Round "6.6"]
[White "Bates, Richard A"]
[Black "Lalic, Bogdan"]
[Result "0-1"]
[ECO "E60"]
[WhiteElo "2351"]
[BlackElo "2406"]
[Annotator "NA RC"]
[PlyCount "52"]
[EventDate "2019.02.22"]
[EventType "swiss"]
[EventCountry "IRL"]
[SourceTitle "playchess.com"]
[Source "ChessBase"]
[SourceQuality "1"]
[TimeControl "40/5400+30:900+30"]

1. d4 Nf6 2. Nf3 g6 3. c4 Bg7 4. g3 c5 5. Bg2 Qa5+ 6. Nc3 Ne4 7. Qd3 cxd4 8. Nxd4 Nc5 9. Qe3 Nc6 10. Nxc6 dxc6 11. O-O Qb4 12. Bd2 Qxc4 13. Rac1 Ne6 14. Nb1 Qxa2 15. Bc3 O-O 16. Nd2 Bxc3 17. Qxc3 Nc7 18. Qe5 Nb5 19. Qxe7 Qxb2 20. Ne4 f5 21. Ng5 Qg7 22. Qb4 h6 23. Nf3 Be6 24. Rc5 Rad8 25. Re5 Rfe8 26. Qh4 Bd5 0-1